AoeStats
← old f1sh

Arena

508462473Analyzed
1v1 RM · 10d ago on Sep 22, 2026· 35m 1s· 2 players
Game mode
Random Map
Map size
Tiny (2 player)
Population
200
Speed
Normal
Resources
Standard
Victory
Conquest
Starting age
Dark Age
Ending age
Imperial Age
RankedLock teamsTeams togetherTeam positionsShared explorationLock speedFull tech treeHidden civsTurbo modeCheats
Victory
Defeat
🇨🇿 Byzantines · Czechia
1827
+10
🇨🇳 Varangians · China
1683
-10
XalYWero
10:49 Feudal Age
11:35 Double-Bit Axe
14:28 Castle Age
12:25 Horse Collar
16:04 Bow Saw
16:25 Heavy Plow
22:59 Wheelbarrow
22:27 Loom
24:55 Hand Cart
24:38 Gold Mining
24:17 Crossbowman
27:51 Imperial Age
25:47 Fletching
26:48 Gold Shaft Mining
26:28 Stone Mining
26:40 Padded Archer Armor
27:24 Ballistics
26:27 Crossbowman
27:18 Bodkin Arrow
27:52 Thumb Ring
29:33 Chemistry
28:59 Bracer
29:32 Treadmill Crane
29:25 Arbalester
31:16 Conscription
32:06 Stone Shaft Mining
32:43 Leather Archer Armor
32:55 Scale Barding Armor
33:00 Forging
33:57 Ring Archer Armor
33:59 Scale Barding Armor
35:12 Forging
old f1sh
10:54 Feudal Age
11:54 Double-Bit Axe
14:31 Castle Age
12:43 Horse Collar
22:58 Wheelbarrow
22:45 Bow Saw
22:50 Heavy Plow
24:41 Hand Cart
24:29 Gold Mining
24:29 Stone Mining
29:22 Imperial Age
27:37 Scale Mail Armor
27:47 Forging
27:49 Squires
27:34 Arson
28:16 Gambesons
29:35 Loom
30:17 Chain Mail Armor
30:37 Iron Casting
30:53 Conscription
31:28 Plate Mail Armor
30:43 Elite Varangian Guard
33:20 Gothikon
35:09 Iron Casting
Connection lost

Rejoining the realm…

Still unreachable

The connection could not be restored.

Session expired

The server has moved on; the page needs a fresh start.